 Dungeon Crawl Stone Soup version 0.27.0-1-g7a08968 (webtiles) character file.

Game seed: 9206115971681267565

125 BALLS the Slasher (level 5, 0/27 HPs)
             Began as a Vine Stalker Fighter on Jan 20, 2022.
             Killed from afar by an orc wizard (5 damage)
             ... with a magic dart
             ... on level 3 of the Dungeon.
             The game lasted 00:05:17 (2620 turns).

BALLS the Slasher (Vine Stalker Fighter)            Turns: 2620, Time: 00:05:18

Health: 0/27       AC:  6    Str: 19    XL:     5   Next: 9%
Magic:  0/6        EV:  7    Int:  8    God:
Gold:   161        SH:  0    Dex: 14    Spells: 4/4 levels left

rFire    . . .     SeeInvis .   a - +0 long sword
rCold    . . .     Faith    .   c - +0 kite shield
rNeg     + . .     Spirit   +   b - +0 scale mail
rPois    .         Reflect  .   (no helmet)
rElec    .         Harm     .   (no cloak)
rCorr    .         Rampage  .   (no gloves)
Will     .....                  (no boots)
Stlth    ..........             (no amulet)
HPRegen  1.09/turn              e - ring of positive energy
MPRegen  0.10/turn              (no ring)

@: confused
A: fangs 2, regeneration 1, magic shield, antimagic bite, no potion heal 2
a: no special abilities


You were on level 3 of the Dungeon.
You visited 1 branch of the dungeon, and saw 3 of its levels.

You collected 161 gold pieces.

Inventory:

Hand Weapons
 a - a +0 long sword (weapon)
Missiles
 k - 19 poisoned darts (quivered)
Armour
 b - a +0 scale mail (worn)
 c - a +0 kite shield (worn)
Jewellery
 e - a ring of positive energy (left hand)
Scrolls
 g - a scroll of vulnerability {unknown}
 h - a scroll of amnesia
 l - a scroll of teleportation {unknown}
Potions
 d - a potion of might
 f - a potion of invisibility {unknown}
 i - a potion of curing
 j - a potion of mutation {unknown}


   Skills:
 - Level 2.6 Fighting
 + Level 4.6 Long Blades
 - Level 2.4 Armour
 - Level 2.6 Shields


You had 4 spell levels left.
You didn't know any spells.
Your spell library contained the following spells:

 Spells                   Type           Power      Damage    Failure   Level
 Sandblast                Erth           0%         2d4       100%        1
 Passwall                 Tmut/Erth      0%         N/A       100%        2
 Lee's Rapid Deconstruct  Erth           0%         3d5*      100%        5


Dungeon Overview and Level Annotations

Branches:
Dungeon (3/15)

Altars:


Innate Abilities, Weirdness & Mutations

You have extremely sharp teeth.
Your natural rate of healing is unusually fast.
When hurt, damage is shared between your health and your magic reserves.
Your bite disrupts and absorbs the magic of your enemies.
Potions cannot restore your health.


Message History

You feel less confused. Something hits you.
* * * LOW HITPOINT WARNING * * *
Something hits you.
* * * LOW HITPOINT WARNING * * *
The orc wizard hits you but does no damage.
Something hits you but does no damage. x2
The orc wizard hits you with a +0 dagger.
* * * LOW HITPOINT WARNING * * *
You miss something. Your bite misses something.
You hear some strange, mumbled words.
A puff of flame appears from out of thin air!
The puff of flame hits you.
* * * LOW HITPOINT WARNING * * *
You hear some strange, mumbled words.
Something tries to affect you, but you resist.
The orc wizard falters for a moment.
You hit something. Your bite misses something.
Something hits you but does no damage. x2; The orc wizard barely misses you.
You barely miss something. Something hits you.
* * * LOW HITPOINT WARNING * * *
You hear some strange, mumbled words.
You are confused.
The orc wizard hits you but does no damage.
Something hits you but does no damage. x2
The orc wizard hits you with a +0 dagger.
* * * LOW HITPOINT WARNING * * *
You're too confused to move!
You hear some strange, mumbled words.
Something tries to affect you, but you resist.
Something hits you.
* * * LOW HITPOINT WARNING * * *
The orc wizard hits you but does no damage.
You miss something. Your bite misses something.
Something hits you but does no damage. x2
The orc wizard hits you but does no damage.
Something hits you but does no damage.
A magic dart appears from out of thin air!
The magic dart hits you.
You die...

##...o..........###...>...
...o.###o##.o.?............
......o................##..#
...o.###.#.#####....##.......
......(......# ####)#.......#
.<..o###.#.#.######..........
########†..#......{o.......##
#..............{)........##
#...........♣@.........#..#
#............P..........#
#..<..>.................#
#..........#.$###.)))...#
#.(........#### ##)....##
#..........# #<...##
#..........# #.####
#..........# #.. #..........#
#...


You could see an orc wizard.

Vanquished Creatures
  An orc priest (D:3)
  2 adders
  2 worms (D:2)
  A dart slug (D:1)
  4 orcs
  10 ball pythons
  2 endoplasms (D:1)
  2 giant cockroaches (D:2)
  10 goblins
  2 hobgoblins
  8 jackals (D:1)
  3 kobolds
  A quokka (D:1)
  6 bats
  4 frilled lizards
  3 rats (D:1)
61 creatures vanquished.

Vanquished Creatures (others)
  7 fungi (D:2)
  A plant (D:2)
  4 toadstools (D:2)
12 creatures vanquished.

Grand Total: 73 creatures vanquished

Notes
Turn   | Place    | Note
-------+----------+-------------------------------------------
     0 | D:1      | BALLS the Vine Stalker Fighter began the quest for the Orb.
     0 | D:1      | Reached XP level 1. HP: 11/11 MP: 2/2
    80 | D:1      | Reached skill level 2 in Long Blades
   440 | D:1      | Reached XP level 2. HP: 16/16 MP: 3/3
   561 | D:1      | Reached skill level 3 in Long Blades
   934 | D:1      | Reached XP level 3. HP: 18/19 MP: 4/4
  1860 | D:2      | Gained mutation: Your natural rate of healing is unusually
                  | fast. [Vine Stalker growth]
  1860 | D:2      | Reached XP level 4. HP: 17/23 MP: 5/5
  1906 | D:2      | Reached skill level 4 in Long Blades
  2170 | D:2      | Found a faded altar of an unknown god.
  2583 | D:3      | Reached XP level 5. HP: 27/27 MP: 4/6
  2616 | D:3      | HP: 1/27 [orc wizard (1)]
  2620 | D:3      | Killed from afar by an orc wizard

Illustrated notes

Levels and vault maps discovered:
D:1:      lemuel_arrival_tunnels, layout_loops_ring, kennysheep_small_spiral,
          minmay_pentomino_z2
D:2:      layout_basic, shapermc_ecumenical_altar_mp_urbaneastern,
          minmay_gold_behind_fungi, minmay_small_reverse_x
D:3:      cheibrodos_pilgrimage, layout_rooms, nicolae_wu_jian_wuxing_cycle,
          serial_park_tiny_1

Skill      XL: |  1  2  3  4 |
---------------+-------------+-----
Long Blades    | 2 3 4 |  4.6
Fighting       | |  2.6
Armour         | |  2.4
Shields        | |  2.6

Action                   |  1- 3 |  4- 6 || total
-------------------------+-------+-------++-------
Melee: Long sword        |   112 |    66 ||   178
       Bite              |    32 |    22 ||    54
  Use: Potion            |     2 |       ||     2
       Scroll            |     1 |       ||     1
Armor: Scale mail        |    38 |    66 ||   104
Dodge: Dodged            |    37 |    24 ||    61
Block: Kite shield       |    59 |    24 ||    83
       Rpst.: Long sword |    12 |     5 ||    17
